 Dungeon Crawl Stone Soup version 0.22-a0-848-ge9e22a0 (webtiles) character file.

77765 torrenera the Carver (level 14, -1/124 HPs)
             Began as a Demigod Fire Elementalist on July 25, 2018.
             Slain by a spiny frog (22 damage)
             ... on level 2 of the Lair of Beasts on July 26, 2018.
             The game lasted 02:01:28 (34428 turns).

torrenera the Carver (Demigod Fire Elementalist)   Turns: 34428, Time: 02:01:29

Health: -1/124     AC:  9    Str: 17    XL:     14   Next: 75%
Magic:  7/29       EV: 18    Int: 24    God:
Gold:   2168       SH:  0    Dex: 16    Spells: 0/28 levels left

rFire    + . .     SeeInvis .   a - +1 scimitar (elec)
rCold    . . .     Gourm    .   (no shield)
rNeg     . . .     Faith    .   O - +1 ring mail {rF+}
rPois    .         Spirit   .   X - +0 hat {Int+3}
rElec    .         Reflect  .   Y - scarf {cloud immunity}
rCorr    .         Harm     .   (no gloves)
MR       ++...                  E - +1 pair of boots
Stlth    +.........             (no amulet)
HPRegen  0.30/turn              M - ring of protection from magic
MPRegen  0.21/turn              N - ring of wizardry

@: very slightly contaminated, very slow
A: high mp 1
a: no special abilities


You were on level 2 of the Lair of Beasts.
You were not hungry.

You visited 4 branches of the dungeon, and saw 22 of its levels.

You collected 2168 gold pieces.

Inventory:

Hand Weapons
 a - a +1 scimitar of electrocution (weapon)
 b - a +6 blowgun
Missiles
 h - 6 curare-tipped needles
 m - 150 poisoned needles
 n - 256 arrows
 F - 7 javelins (quivered)
 Q - 2 needles of confusion
Armour
 B - a +2 cloak
 E - a +1 pair of boots (worn)
 O - a +1 ring mail of fire resistance (worn)
 W - a +3 chain mail of cold resistance
 X - a +0 hat of intelligence (worn)
 Y - a scarf of cloud immunity (worn)
Jewellery
 j - an uncursed ring of poison resistance
 w - an uncursed ring of protection from cold {unknown}
 y - an uncursed ring of fire
 C - an uncursed ring of resist corrosion
 G - an uncursed ring of protection from fire
 M - a ring of protection from magic (left hand)
 N - a ring of wizardry (right hand)
Wands
 g - a wand of enslavement (19)
 D - a wand of digging (15)
 H - a wand of iceblast (31)
 J - a wand of paralysis (51)
 K - a wand of flame (49)
 L - a wand of acid (4)
 R - a wand of clouds (7)
Scrolls
 d - a scroll of enchant weapon {unknown}
 f - 9 scrolls of teleportation
 l - 7 scrolls of remove curse
 p - a scroll of enchant armour
 q - 3 scrolls of blinking
 s - a scroll of fog
 t - 9 scrolls of identify
 x - a scroll of amnesia
 I - 3 scrolls of immolation
 P - 2 scrolls of magic mapping
 T - 2 scrolls of fear
 U - 4 scrolls of vulnerability
Potions
 e - 6 potions of brilliance
 i - 5 potions of flight
 k - 2 potions of berserk rage
 o - 4 potions of curing
 u - a potion of resistance
 v - a potion of haste
 z - a potion of lignification {unknown}
 A - 3 potions of agility
 S - 3 potions of might
 V - 3 potions of ambrosia
Miscellaneous
 r - a phantom mirror
Comestibles
 c - 39 rations
 Z - 8 chunks of flesh


   Skills:
 - Level 11.5 Fighting
 + Level 11.6 Long Blades
 - Level 6.7 Armour
 - Level 10.7 Dodging
 - Level 1.7 Stealth
 - Level 7.5 Spellcasting
 - Level 9.1 Conjurations
 - Level 9.1 Fire Magic


You couldn't memorise any spells.
You knew the following spells:

 Your Spells              Type           Power        Failure   Level  Hunger
a - Flame Tongue          Conj/Fire      #####        1%          1    None
b - Conjure Flame         Conj/Fire      ######..     1%          3    None
c - Sticky Flame          Conj/Fire      ######..     1%          4    ###....
d - Blink                 Tloc           N/A          7%          2    None
e - Call Imp              Summ           #.......     7%          2    None
f - Mephitic Cloud        Conj/Pois/Air  ###.....     4%          3    None
g - Fireball              Conj/Fire      ######....   3%          5    #####..
h - Swiftness             Chrm/Air       #.......     7%          2    None
i - Bolt of Fire          Conj/Fire      ######....   16%         6    ######.

Your spell library contained the following spells:

 Spells                   Type           Power        Failure   Level  Hunger
 Cause Fear               Hex            #.........   41%         4    ###....
 Magic Dart               Conj           ####         1%          1    None
 Lightning Bolt           Conj/Air       ####......   19%         5    #####..
 Slow                     Hex            #.......     7%          2    None
 Confuse                  Hex            #.......     14%         3    None
 Throw Flame              Conj/Fire      ######       1%          2    None
 Freezing Cloud           Conj/Ice/Air   ###.......   86%         6    ######.
 Ring of Flames           Chrm/Fire      ####......   99%         7    #######
 Venom Bolt               Conj/Pois      ####......   19%         5    #####..
 Olgreb's Toxic Radiance  Pois           #.......     41%         4    ###....
 Iskenderun's Mystic Bla  Conj           ######..     1%          4    ###....
 Sting                    Conj/Pois      ####         1%          1    None
 Tukima's Dance           Hex            #.......     14%         3    None
 Shock                    Conj/Air       ####         1%          1    None
 Spider Form              Tmut/Pois      #.........   14%         3    None
 Blade Hands              Tmut           #.........   75%         5    #####..
 Ice Form                 Ice/Tmut       #.......     41%         4    ###....
 Dragon Form              Tmut           #.........   100%        7    #######
 Deflect Missiles         Chrm/Air       #.........   99%         6    ######.
 Airstrike                Air            #.........   41%         4    ###....
 Confusing Touch          Hex            #.....       4%          1    None
 Sticks to Snakes         Tmut           #.......     7%          2    None
 Ensorcelled Hibernation  Hex/Ice        #.....       7%          2    None
 Metabolic Englaciation   Hex/Ice        #.........   75%         5    #####..
 Silence                  Hex/Air        #.........   75%         5    #####..
 Static Discharge         Conj/Air       ####....     2%          3    None
 Corona                   Hex            #......      4%          1    None
 Petrify                  Tmut/Erth      #.......     41%         4    ###....
 Inner Flame              Hex/Fire       ####....     2%          3    None
 Beastly Appendage        Tmut           #.....       4%          1    None
 Fulminant Prism          Conj/Hex       ####......   7%          4    ###....
 Dazzling Spray           Conj/Hex       ####..       2%          3    None
 Force Lance              Conj/Tloc      ####....     7%          4    ###....
 Searing Ray              Conj           ######       1%          2    None
 Discord                  Hex            #.........   100%        8    #######
 Dragon's Call            Summ           #.........   100%        9    #######
 Gell's Gravitas          Tloc           #.........   14%         3    None
 Yara's Violent Unravell  Hex/Tmut       #.........   75%         5    #####..
 Poisonous Vapours        Pois/Air       #.....       7%          2    None


Dungeon Overview and Level Annotations

Branches:
Dungeon (13/15)            Temple (0/1) D:5            Lair (6/6) D:8
  Swamp (1/4) Lair:2       Spider (0/4) Lair:2        Slime (0/5) Lair:5
    Orc (2/2) D:12
    Elf: Orc:2       Vaults: D:13-14

Shops:
D:10 (   Orc:1 [

Annotations:
D:13 Ylua's ghost, journeyman MfGl
Orc:2 Rupert


Innate Abilities, Weirdness & Mutations

You have an increased reservoir of magic. (+10% MP)


Message History

The spiny frog closely misses you.
You climb upwards.
Welcome back to the Lair of Beasts!
There is a staircase to the Swamp here.
You enter the shallow water.
Moving in this stuff is going to be slow.
The spiny frog stings you but does no damage.
The spiny frog barely misses you.
You riposte.
You hit the spiny frog.
Lightning courses through the spiny frog!
The spiny frog is moderately wounded.
The spiny frog stings you.
* * * LOW HITPOINT WARNING * * *
You are poisoned.
The spiny frog poisons you!
You feel very sick. The spiny frog misses you.
You feel sick. The spiny frog barely misses you. The spiny frog stings you!!
* * * LOW HITPOINT WARNING * * *
You feel sick. The spiny frog completely misses you.
You feel better. The spiny frog stings you!!
You die...

...............## #### ###
#..#.P##.#......##♣♣≈≈♣♣♣##.#
.##########.....♣♣≈♣≈≈§♣♣...# .#
###......♣♣♣.≈§≈§≈≈♣.##### ##
###.........♣.≈§§§≈≈≈...##.. .##
#..........♣≈≈≈≈§§≈≈♣♣...... ..#
##.........♣♣≈§§§§§≈♣♣##.... ..#
#...#....P♣F♣≈≈≈≈≈♣♣.......
..#####.#.......@♣≈♣≈≈≈≈♣♣♣#..###
#.......#####...##♣.≈≈♣≈♣.#...#
..#..#.#### ##...##♣♣♣♣♣#....P#
#.......#P###...###...........# #
#.........##..P.# #..........####
..P.........#...###..............
#........##.#.........#......##.#
#.........#.#...#.....#....######
#...........................##


You could see a spiny frog.

Vanquished Creatures
  Gastronok (Orc:1)
  Frances (D:13)
  An orc warlord (Orc:1)
  Snorg (D:11)
  An ettin (Orc:1)
  Erolcha (D:12)
  5 hydras
  A merfolk avatar (Lair:6)
  A centaur warrior (D:13)
  3 two-headed ogres
  3 death yaks (Lair:6)
  2 alligators (Swamp:1)
  Sonja (Lair:3)
  An orc high priest (Orc:1)
  Nergalle (Lair:1)
  An unseen horror (D:13)
  An orb spider (Lair:2)
  3 orc sorcerers
  5 cyclopes
  6 ugly things
  2 manticores
  13 elephants
  4 oklob plants (Lair:4)
  4 black mambas
  Psyche (D:12)
  3 centaur skeletons
  7 gargoyles
  4 rime drakes
  13 spiny frogs
  A kobold demonologist (D:12)
  7 komodo dragons
  2 trolls (D:12)
  2 tengu conjurers (D:13)
  A queen bee (Lair:1)
  A wind drake (Lair:6)
  4 hornets
  2 polar bears
  A tyrant leech (Lair:2)
  18 blink frogs
  9 hippogriffs
  A bog body (Lair:2)
  4 slime creatures (D:12)
  A vampire (D:13)
  A centaur simulacrum (D:13)
  41 yaks
  A wraith (D:13)
  4 hogs (D:7)
  A human (D:7)
  3 basilisks
  2 wyverns (Lair:6)
  Grum (D:10)
  11 vampire mosquitoes
  Menkaure (D:7)
  6 insubstantial wisps
  A soldier ant (D:12)
  9 porcupines
  A warg (D:12)
  18 water moccasins
  7 ice beasts
  4 sky beasts
  29 orc warriors
  A swamp drake (Swamp:1)
  3 phantoms
  A black bear (D:11)
  11 ogres
  4 necrophages
  13 wolves
  9 centaurs
  10 crocodiles
  2 big kobolds
  18 bullfrogs
  3 gnoll sergeants
  3 scorpions
  33 killer bees
  4 wights (D:10)
  15 howler monkeys
  5 crimson imps
  A centaur zombie (D:5)
  4 jellies
  A bullfrog skeleton (D:12)
  8 hounds
  3 gnoll shamans (D:5)
  11 orc priests
  An iguana (D:10)
  17 orc wizards
  8 worker ants
  2 killer bee zombies
  2 hound zombies
  A hound skeleton (D:5)
  A worker ant zombie (D:5)
  55 gnolls
  7 adders
  A shadow imp (D:11)
  3 oozes
  An adder skeleton (D:4)
  4 worms
  A dart slug (D:1)
  6 leopard geckos
  100 orcs
  10 bats
  4 giant cockroaches
  5 goblins
  9 hobgoblins
  25 jackals
  3 quokkas
  A ball python (D:3)
  4 frilled lizards
  A giant cockroach zombie (D:6)
  16 kobolds
  2 leopard gecko skeletons (D:4)
  3 rats (D:1)
  A fungus (Lair:3)
  7 plants
750 creatures vanquished.

Vanquished Creatures (collateral kills)
  4 killer bees
  An orc (D:8)
5 creatures vanquished.

Vanquished Creatures (others)
  A harpy (Lair:6)
  A manticore (Lair:6)
  A rime drake (Lair:6)
  A komodo dragon (Lair:6)
  A water moccasin (Lair:6)
  A crocodile (Lair:6)
  An orc wizard (D:7)
  An adder (D:8)
  A gnoll (D:5)
  A ball python (D:2)
  2 bushes (Lair:6)
  35 fungi
  32 plants
79 creatures vanquished.

Grand Total: 834 creatures vanquished

Notes
Turn   | Place    | Note
-------+----------+-------------------------------------------
     0 | D:1      | torrenera the Demigod Fire Elementalist began the quest for the Orb.
     0 | D:1      | Reached XP level 1. HP: 14/14 MP: 5/5
   182 | D:1      | Reached XP level 2. HP: 20/20 MP: 7/7
   793 | D:1      | Reached XP level 3. HP: 22/26 MP: 8/8
   901 | D:2      | Learned a level 3 spell: Conjure Flame
   924 | D:2      | Reached skill level 1 in Conjurations
  1463 | D:2      | Reached XP level 4. HP: 32/33 MP: 6/9
  1821 | D:2      | Found a radiant altar of Vehumet.
  2368 | D:3      | Reached XP level 5. HP: 3/38 MP: 7/11
  2679 | D:3      | Learned a level 4 spell: Sticky Flame
  3643 | D:4      | Noticed an ogre
  3656 | D:4      | Killed an ogre
  3656 | D:4      | Reached XP level 6. HP: 28/45 MP: 8/14
  3900 | D:4      | Reached skill level 5 in Fire Magic
  4148 | D:4      | Found a sacrificial altar of Ru.
  4668 | D:5      | Entered Level 5 of the Dungeon
  5008 | D:5      | Found a white marble altar of Elyvilon.
  5090 | D:5      | Found an opulent altar of Gozag.
  5284 | D:5      | Reached XP level 7. HP: 36/50 MP: 7/16
  5306 | D:5      | Found a staircase to the Ecumenical Temple.
  6447 | D:5      | Reached skill level 5 in Spellcasting
  7353 | D:5      | Learned a level 2 spell: Blink
  7356 | D:5      | Learned a level 2 spell: Call Imp
  7360 | D:5      | Learned a level 3 spell: Mephitic Cloud
  7533 | D:6      | Reached XP level 8. HP: 49/57 MP: 14/19
  7666 | D:6      | Reached skill level 5 in Conjurations
  8081 | D:6      | Found an ornate altar of the Wu Jian Council.
  8543 | D:6      | Found a bloodstained altar of Trog.
  8653 | D:7      | Noticed a hippogriff
  8861 | D:6      | Killed a hippogriff
  9068 | D:7      | Reached XP level 9. HP: 52/62 MP: 2/23
  9535 | D:7      | Noticed Menkaure
  9539 | D:7      | Killed Menkaure
  9828 | D:7      | Learned a level 5 spell: Fireball
 10004 | D:7      | Noticed an orc sorcerer
 10005 | D:7      | Noticed an orc sorcerer
 10012 | D:7      | Noticed a sun demon
 10017 | D:7      | Killed an orc sorcerer
 10017 | D:7      | Killed an orc sorcerer
 10100 | D:7      | Found a sparkling altar of Nemelex Xobeh.
 10497 | D:7      | Got a faintly glowing scale mail
 10598 | D:8      | Reached XP level 10. HP: 69/69 MP: 14/25
 11345 | D:8      | Noticed a two-headed ogre
 11359 | D:8      | Killed a two-headed ogre
 11573 | D:8      | Reached skill level 1 in Fighting
 11653 | D:8      | Found a staircase to the Lair.
 11718 | D:8      | Found a stormy altar of Qazlal.
 11719 | D:8      | Found an opulent altar of Gozag.
 11895 | D:8      | Found a glowing silver altar of Zin.
 11895 | D:8      | Found a blossoming altar of Fedhas.
 11938 | D:8      | Found a deep blue altar of Sif Muna.
 12039 | Lair:1   | Entered Level 1 of the Lair of Beasts
 12461 | Lair:1   | Reached skill level 5 in Fighting
 13183 | Lair:1   | Noticed a seven-headed hydra
 13187 | Lair:1   | Killed a seven-headed hydra
 13187 | Lair:1   | Reached XP level 11. HP: 91/91 MP: 9/26
 13192 | Lair:1   | Noticed Nergalle
 13610 | Lair:1   | Killed Nergalle
 15042 | Lair:2   | Found a hole to the Spider Nest.
 15327 | Lair:2   | Found a staircase to the Swamp.
 16063 | Lair:2   | Reached skill level 10 in Fighting
 16101 | Lair:2   | Learned a level 2 spell: Swiftness
 16101 | Lair:2   | Upgraded the game from 0.22-a0-833-g8522bf8 to 0.22-a0-848-ge9e22a0
 16752 | Lair:3   | Noticed Sonja
 16759 | Lair:3   | Killed Sonja
 16860 | Lair:3   | HP: 2/101 [black mamba (11)]
 17595 | Lair:3   | Reached XP level 12. HP: 66/110 MP: 20/27
 17666 | Lair:3   | Noticed a six-headed hydra
 17672 | Lair:3   | Killed a six-headed hydra
 18251 | Lair:3   | Reached skill level 5 in Dodging
 20170 | Lair:4   | Noticed a four-headed hydra
 20175 | Lair:4   | Killed a four-headed hydra
 21151 | Lair:5   | Got a garnet-encrusted leather armour
 21208 | Lair:5   | Identified the +3 leather armour of Gestures {*Slow +Fly rElec rN++ Str+4} (You found it on level 5 of the Lair of Beasts)
 21352 | Lair:5   | Found a staircase to the Slime Pits.
 22004 | Lair:6   | Entered Level 6 of the Lair of Beasts
 22182 | Lair:6   | Reached skill level 10 in Dodging
 22182 | Lair:6   | Reached XP level 13. HP: 75/116 MP: 1/28
 22321 | Lair:6   | Paralysed by a hornet for 3 turns
 22808 | Lair:6   | Reached skill level 1 in Long Blades
 23420 | Lair:6   | Reached skill level 5 in Long Blades
 25060 | Lair:2   | Identified the cursed +0 scale mail of the Snake Pit {+Blink Int+3} (You found it on level 7 of the Dungeon)
 25828 | D:9      | Found an iron altar of Okawaru.
 25828 | D:9      | Found a snail-covered altar of Cheibriados.
 25950 | D:10     | Entered Level 10 of the Dungeon
 26417 | D:10     | Found an iron altar of Okawaru.
 26640 | D:10     | Found Dacse's Antique Weapon Shop.
 26765 | D:10     | Noticed Grum
 26781 | D:10     | Killed Grum
 27398 | D:11     | Noticed Snorg
 27404 | D:11     | Killed Snorg
 27603 | D:11     | Found a stormy altar of Qazlal.
 27958 | D:11     | Reached skill level 1 in Armour
 28750 | D:12     | Found a staircase to the Orcish Mines.
 29095 | D:12     | Noticed Psyche
 29105 | D:12     | Killed Psyche
 29105 | D:12     | Reached XP level 14. HP: 97/124 MP: 18/29
 29117 | D:12     | Learned a level 6 spell: Bolt of Fire
 29745 | D:12     | Noticed Erolcha
 29759 | D:12     | Killed Erolcha
 30196 | Orc:1    | Entered Level 1 of the Orcish Mines
 30222 | Orc:1    | Reached skill level 5 in Armour
 30626 | Orc:1    | Noticed an orc warlord
 30660 | Orc:1    | Killed an orc warlord
 30915 | Orc:1    | Noticed Gastronok
 30937 | Orc:1    | Killed Gastronok
 31049 | Orc:1    | Found Dekytsuacs's Armour Boutique.
 31264 | Orc:2    | Entered Level 2 of the Orcish Mines
 31264 | Orc:2    | Noticed Rupert
 31575 | D:12     | Paralysed by a hornet for 1 turns
 31693 | D:13     | Reached skill level 10 in Long Blades
 32251 | D:13     | Found a runed gate.
 32252 | D:13     | Found a runed gate.
 32605 | D:13     | Noticed Ylua's ghost (journeyman MfGl)
 32968 | D:13     | Found a runed gate.
 32973 | D:13     | Noticed Frances
 32993 | D:13     | Killed Frances
 33724 | Swamp:1  | Entered Level 1 of the Swamp
 34428 | Lair:2   | Slain by a spiny frog

Vault maps used:
D:1:      arrival_zaba_pyramid
D:2:      fiery_altar_vehumet, first_ration
D:3:      due_unseen_surprise
D:4:      nicolae_overflow_crystal_walls
D:5:      lemuel_castle_with_subvaults, lemuel_doored_altar,
          minmay_temple_entry_purple_smoke, basic_altar,
          minmay_misc_feat_columns, kennysheep_nub
D:6:      kennysheep_little_box, marbit_many_paths, minmay_item_behind_shaft
D:7:      cheibrodos_wizards_tower, overflow_temple_1_default, grunt_livestock,
          uniq_menkaure
D:8:      lemuel_coloured_pillars_altar, gammafunk_temple_overflow_elements,
          gammafunk_temple_overflow_pools, dpeg_oklobed_lair
D:9:      gammafunk_temple_overflow_statue
D:10:     serial_shops, nicolae_shop_window_shopping, okawaru_metal_pillars_1_2,
          uniq_grum
D:11:     grunt_qazlal_sundering, uniq_snorg
D:12:     kennysheep_orc_monster_closet_entryway, uniq_erolcha, uniq_psyche
D:13:     gargoyle_guard, serial_shops, nicolae_shop_stone,
          maelrawn_ghost_labyrinth_escape, minmay_misc_feat_tiny, uniq_frances
Lair:1:   special_room, serial_bayou_crossing, lemuel_fruit_fields,
          uniq_nergalle
Lair:2:   minmay_swamp_entry_swarm, nicolae_spider_entry_orb_guardian,
          serial_bayou_shore_b, grunt_megastairs_1
Lair:3:   uniq_sonja
Lair:4:   serial_bayou_shore_b, serial_bayou_shore_b, minmay_lair_oklob_chamber,
          serial_bayou_shore_b
Lair:5:   dpeg_slime_entry_corner, nicolae_volcano_entry_hallway
Lair:6:   gammafunk_lair_ancient_temple, lemuel_old_faithful,
          grunt_megastairs_3, lemuel_fruit_tree
Swamp:1:  evilmike_swamp_ruin_house_4
Orc:1:    serial_shops, nicolae_shop_trees, uniq_gastronok
Orc:2:    pubby_orc_utopia, serial_shops, uniq_rupert

Skill      XL: |  1  2  3  4  5  6  7  8  9 10 11 12 13 14 |
---------------+-------------------------------------------+-----
Fire Magic     | 3 4 5 6 7 9 |  9.1
Conjurations   | 1 2 3 4 6 8 9 |  9.1
Spellcasting   | 2 3 4 5 7 |  7.5
Fighting       | 6 11 | 11.5
Dodging        | 10 | 10.7
Long Blades    | 8 11 | 11.6
Armour         | 3 6 |  6.7
Stealth        | |  1.7

Action                   |  1- 3 |  4- 6 |  7- 9 | 10-12 | 13-15 || total
-------------------------+-------+-------+-------+-------+-------++-------
Melee: Whip              |    11 |       |       |       |       ||    11
       Short sword       |    32 |     4 |    90 |       |       ||   126
       Scimitar          |       |       |     7 |   183 |   513 ||   703
 Fire: Hunting sling     |       |   139 |    48 |    20 |       ||   207
       Blowgun           |       |       |       |       |    52 ||    52
Throw: Stone             |       |       |     3 |    28 |    22 ||    53
       Javelin           |       |       |       |       |    29 ||    29
 Cast: Flame Tongue      |    42 |   103 |   164 |    60 |   102 ||   471
       Conjure Flame     |     2 |     5 |     6 |    13 |    24 ||    50
       Sticky Flame      |       |     8 |    48 |   138 |   153 ||   347
       Blink             |       |       |     7 |     3 |     3 ||    13
       Mephitic Cloud    |       |       |    12 |    24 |    20 ||    56
       Call Imp          |       |       |     1 |     3 |       ||     4
       Fireball          |       |       |       |    44 |    55 ||    99
       Bolt of Fire      |       |       |       |       |     7 ||     7
Evoke: Wand              |       |       |     4 |    18 |    11 ||    33
  Use: Potion            |       |       |     4 |     5 |     2 ||    11
       Scroll            |       |       |     1 |    22 |     5 ||    28
 Stab: Sleeping          |     6 |     1 |       |     1 |     1 ||     9
       Confused          |       |       |     1 |       |     4 ||     5
       Paralysed         |       |       |       |     1 |       ||     1
  Eat: Chunk             |     2 |    14 |    20 |    37 |    62 ||   135
       Ration            |       |       |     1 |     6 |     3 ||    10
Armor: Robe              |    14 |    18 |    59 |   111 |    28 ||   230
       Ring mail         |       |       |       |       |   140 ||   140
Dodge: Dodged            |    48 |    45 |   150 |   288 |   688 ||  1219
       Rpst.: Scimitar   |       |       |     4 |    77 |   168 ||   249

Table legend:
 A = Spawn XP
 B = Non-spawn XP
 C = Spawn XP percentage of total XP
 D = Spawn monster count
 E = Non-spawn monster count
 F = Spawn count percentage of total count
 G = Total turns spent on level
                    A         B        C        D         E        F      G
               +---------+---------+-------+---------+---------+-------+---------
         Total |       0 |  111094 |   0.0 |       0 |     747 |   0.0 | 34428
               +---------+---------+-------+---------+---------+-------+---------
           D:1 |       0 |      52 |   0.0 |       0 |      27 |   0.0 |   896
           D:2 |       0 |     129 |   0.0 |       0 |      17 |   0.0 |  1493
           D:3 |       0 |     210 |   0.0 |       0 |      32 |   0.0 |  1233
           D:4 |       0 |     306 |   0.0 |       0 |      17 |   0.0 |  1163
           D:5 |       0 |     949 |   0.0 |       0 |      68 |   0.0 |  2736
           D:6 |       0 |    1592 |   0.0 |       0 |      29 |   0.0 |  1894
           D:7 |       0 |    3781 |   0.0 |       0 |      36 |   0.0 |  1819
           D:8 |       0 |    2217 |   0.0 |       0 |      22 |   0.0 |   901
           D:9 |       0 |    1314 |   0.0 |       0 |      28 |   0.0 |   852
          D:10 |       0 |    2864 |   0.0 |       0 |      31 |   0.0 |  1268
          D:11 |       0 |    5072 |   0.0 |       0 |      34 |   0.0 |  1280
          D:12 |       0 |   12393 |   0.0 |       0 |      52 |   0.0 |  2462
          D:13 |       0 |   12958 |   0.0 |       0 |      55 |   0.0 |  1453
        Lair:1 |       0 |    7576 |   0.0 |       0 |      49 |   0.0 |  3445
        Lair:2 |       0 |    5487 |   0.0 |       0 |      28 |   0.0 |  2190
        Lair:3 |       0 |   11347 |   0.0 |       0 |      38 |   0.0 |  2590
        Lair:4 |       0 |    7390 |   0.0 |       0 |      27 |   0.0 |  1623
        Lair:5 |       0 |    2928 |   0.0 |       0 |      13 |   0.0 |  1099
        Lair:6 |       0 |   20106 |   0.0 |       0 |      62 |   0.0 |  2861
       Swamp:1 |       0 |    3216 |   0.0 |       0 |       6 |   0.0 |   162
         Orc:1 |       0 |    8132 |   0.0 |       0 |      47 |   0.0 |   849
         Orc:2 |       0 |    1075 |   0.0 |       0 |      29 |   0.0 |   159
               +---------+---------+-------+---------+---------+-------+---------
